Description

Move out when you got 6-8 hellions/Armoury is close to getting done. Put the rally point close to the zerg natural and just keep on massing hellions.

Replay - Hellbat all-in

Build Order

Get SALT Encoding   

  12  0:01  SCV  
  13  0:14  Supply Depot  
  13  0:21  Refinery  
  13  0:24  SCV  
  14  0:36  SCV  
  15  0:48  SCV  
  16  0:51  Barracks  
  16  1:01  SCV  
  17  1:05  Refinery  
  17  1:18  SCV  
  19  1:32  SCV  
  19  1:38  Marine  
  20  1:41  Factory  
  20  1:46  Orbital Command  
  20  1:58  Barracks Reactor  
  20  2:01  Supply Depot  
  20  2:12  SCV  
  21  2:20  Factory  
  21  2:35  SCV  
  22  2:43  Hellion x2  
  26  2:46  Supply Depot  
  26  2:47  Barracks Reactor  
  26  3:00  Armory  
  26  3:04  Hellion x2  
  30  3:18  Supply Depot  
  30  3:32  Hellion x4  
  38  3:41  Supply Depot  
  38  4:07  Hellion x2  
Spawning Tool Build Advisor. Get it on Overwolf

Analysis

2 factories with reactor for pure hellion production. Use the barracks to build the reactors.

Pull all SCVs off gas when you got all buildings you need(400 gas in total)

Go to:

Details

  • Created by: rederoin
  • Published on: Mar 21, 2020
  • Modified on: Mar 21, 2020
  • Patch: 4.11.0
Show
View Real Time Build Order
Export as new Build Order

Comments (0)

There are no comments. Be the first!

Create an account to comment!